 Dungeon Crawl Stone Soup version 0.30-a0-141-g30f27751c5 (webtiles) character file.

Game seed: 1525808152432448778

2016 qw the Chopper (level 9, -1/54 HPs)
             Began as a Gargoyle Fighter on Sept 24, 2022.
             Was a Believer of Okawaru.
             Engulfed by a steam dragon's steam (2 damage)
             ... on level 7 of the Dungeon.
             The game lasted 00:03:03 (8995 turns).

qw the Chopper (Gargoyle Fighter)                   Turns: 8995, Time: 00:03:03

Health: -1/54      AC: 27    Str: 24    XL:     9   Next: 23%
Magic:  11/12      EV:  7    Int:  9    God:    Okawaru [**....]
Gold:   356        SH: 11    Dex:  9    Spells: 8/8 levels left

rFire   . . .      SeeInvis .    Y - +0 war axe
rCold   + . .      Faith    .    l - +0 kite shield
rNeg    + . .      Spirit   .    i - +2 plate armour
rPois   inf        Reflect  .    (no helmet)
rElec   +          Harm     .    (no cloak)
rCorr   .          Rampage  .    p - +0 pair of gloves
Will    .....                    (no boots)
Stlth   ..........               (no amulet)
HPRegen 0.18/turn                k - ring of protection from cold
MPRegen 0.13/turn                q - +4 ring of protection

@: about to teleport, heroic
A: sickness immunity, AC +6, negative energy resistance 1, electricity
resistance, torment resistance 1, petrification resistance
a: Renounce Religion, Heroism


You were on level 7 of the Dungeon.
You worshipped Okawaru.
Okawaru was pleased with you.
You visited 2 branches of the dungeon, and saw 8 of its levels.

You collected 356 gold pieces.


Innate Abilities, Weirdness & Mutations

You are immune to sickness and miasma.
Your stone body is resilient. (AC +6)
You are immune to poison.
You resist negative energy. (rN+)
You are resistant to electric shocks. (rElec)
You are resistant to unholy torment.
You are immune to petrification.


   Skills:
 - Level 5.4(10.4) Fighting
 + Level 7.6(12.6) Axes
 - Level 4.0(9.0) Armour
 - Level 1.1(6.1) Dodging
 - Level 7.2(12.2) Shields
 - Level 4.0 Invocations


You had 8 spell levels left.
You didn't know any spells.
Your spell library was empty.

Inventory:

Hand Weapons
 b - a +0 morningstar
 Y - a +0 war axe (weapon)
Armour
 i - a +2 plate armour (worn)
 l - a +0 kite shield (worn)
 p - a +0 pair of gloves (worn)
Jewellery
 k - a ring of protection from cold (left hand)
 q - a +4 ring of protection (right hand)
Wands
 c - a wand of digging (6)
Scrolls
 e - a scroll of identify
 o - a scroll of teleportation
Potions
 a - a potion of lignification
 d - a potion of might
 f - a potion of haste
 g - a potion of magic
 j - a potion of attraction
 m - a potion of degeneration {unknown}
 n - a potion of curing {unknown}

Dungeon Overview and Level Annotations

Branches:
Dungeon (7/15)             Temple (1/1) D:4

Altars:
Ashenzari
Cheibriados
Dithmenos
Gozag
Kikubaaqudgha
Makhleb
Nemelex Xobeh
Okawaru
Qazlal
Ru
Sif Muna
Trog
Vehumet
Xom
Yredelemnul
Zin

Shops:
D:3 (

Annotations:
D:4 1 runed translucent door, Crazy Yiuf


Message History

You slash the gnoll!
You kill the gnoll!
Okawaru accepts your kill.
You are engulfed in a cloud of scalding steam.
You block the gnoll's attack. The steam dragon bites you.
You block the steam dragon's attack.
You hit the steam dragon but do no damage.
The steam dragon is heavily wounded.
You are engulfed in a cloud of scalding steam.
You block the gnoll's attack.
The steam dragon bites you but does no damage.
The steam dragon claws you but does no damage.
You closely miss the steam dragon.
The steam dragon is heavily wounded.
The gnoll barely misses you. You block the steam dragon's attack.
The steam dragon claws you but does no damage.
You hit the steam dragon.
The steam dragon is heavily wounded.
You hit the gnoll. You block the gnoll's attack.
The steam dragon bites you but does no damage.
You block the steam dragon's attack. The gnoll hits you but does no damage.
You hit the steam dragon.
The steam dragon is heavily wounded.
You hit the gnoll but do no damage. You block the gnoll's attack.
The steam dragon breathes steam at you. The ball of steam hits you!!
You block the gnoll's attack.
8994 ||| READING 2 scrolls of teleportation.
As you read the scroll of teleportation, it crumbles to dust.
You feel strangely unstable.
You are engulfed in a cloud of scalding steam.
You block the gnoll's attack.
The steam dragon bites you but does no damage.
You block the steam dragon's attack. The gnoll barely misses you.
You slash the steam dragon!
The steam dragon is almost dead.
You hit the gnoll.
You are engulfed in a cloud of scalding steam.
You die...

..# ...#
...# #..#
#..# #g.#
###g.####
#.@.[...#
#.#D#.....
#.ยค.# ...
###.# .
..# #.#
#.# #.#
#.#


You could see a steam dragon (catching breath) and 2 gnolls.

Vanquished Creatures
  A wyvern (D:4)
  A steam dragon (D:6)
  A water moccasin (D:4)
  An ice beast (D:5)
  A black bear (D:5)
  A centaur (D:5)
  2 phantoms
  A scorpion (D:6)
  A bullfrog (D:6)
  A gnoll sergeant (D:5)
  A crimson imp (D:6)
  5 hounds
  6 orc priests
  A gnoll bouda (D:6)
  6 iguanas
  6 orc wizards
  17 gnolls
  7 adders
  A shadow imp (D:6)
  3 worms
  4 dart slugs
  21 orcs
  8 ball pythons
  8 endoplasms
  2 giant cockroaches (D:4)
  9 goblins
  4 hobgoblins
  6 kobolds
  5 quokkas
  8 bats
  3 frilled lizards (D:3)
  9 rats
151 creatures vanquished.

Notes
Turn   | Place    | Note
-------+----------+-------------------------------------------
     0 | D:1      | qw the Gargoyle Fighter began the quest for the Orb.
     0 | D:1      | Reached XP level 1. HP: 14/14 MP: 1/1
     0 | D:1      | 0 ||| qw: Version: 0.1.0-9-gbc19398
     0 | D:1      | 0 ||| qw: Game counter: 57
     0 | D:1      | 0 ||| qw: Always use a shield: true
     0 | D:1      | 0 ||| qw: God list: Okawaru
     0 | D:1      | 0 ||| qw: Allow faded altars: false
     0 | D:1      | 0 ||| qw: Do Orc after D:15 true
     0 | D:1      | 0 ||| qw: Do second Lair branch before Depths: true
     0 | D:1      | 0 ||| qw: Lair rune preference: random
     0 | D:1      | 0 ||| qw: Plans: Normal, Zot:1-4, God:TSO, Crypt, Tomb,
                  | Pan, Slime:5, Hells, Abyss, Orb
     0 | D:1      | 0 ||| PLANNING D:1-11
   113 | D:1      | Reached XP level 2. HP: 15/19 MP: 2/2
   436 | D:1      | Reached skill level 3 in Axes
   436 | D:1      | Reached XP level 3. HP: 14/23 MP: 3/3
   650 | D:1      | 650 ||| READING scroll labelled OLIOJE ZIHURGH.
   651 | D:1      | 651 ||| READING scroll labelled PUDDIC VITZ.
   678 | D:2      | Found a faded altar of an unknown god.
   681 | D:2      | 681 ||| Stepping ~*~*~tactically~*~*~ (stealth).
   682 | D:2      | 682 ||| Stepping ~*~*~tactically~*~*~ (stealth).
   693 | D:2      | 693 ||| Stepping ~*~*~tactically~*~*~ (stealth).
   702 | D:2      | 702 ||| Stepping ~*~*~tactically~*~*~ (stealth).
   715 | D:2      | 715 ||| Stepping ~*~*~tactically~*~*~ (stealth).
   716 | D:2      | 716 ||| Stepping ~*~*~tactically~*~*~ (stealth).
   717 | D:2      | 717 ||| Stepping ~*~*~tactically~*~*~ (stealth).
   718 | D:2      | 718 ||| Stepping ~*~*~tactically~*~*~ (stealth).
   854 | D:2      | 854 ||| Stepping ~*~*~tactically~*~*~ (stealth).
   895 | D:2      | 895 ||| Stepping ~*~*~tactically~*~*~ (stealth).
   986 | D:2      | Reached XP level 4. HP: 28/28 MP: 4/4
  1277 | D:2      | 1277 ||| DROPPING +0 club.
  1311 | D:2      | 1311 ||| DROPPING +0 whip.
  1357 | D:2      | 1357 ||| UPGRADING to +0 plate armour.
  1367 | D:2      | 1367 ||| DROPPING +0 scale mail.
  1368 | D:2      | 1368 ||| DROPPING orb of energy.
  1369 | D:2      | 1369 ||| UPGRADING to amulet of guardian spirit.
  1374 | D:2      | 1374 ||| READING scroll labelled OPLUM JOGYIRU.
  1378 | D:2      | 1378 ||| READING scroll labelled WOQAT WAGIRRERGH.
  1379 | D:2      | 1379 ||| READING scroll labelled YLIS LOBRAYSET.
  1380 | D:2      | 1380 ||| READING scroll labelled EDASAONWOH.
  1381 | D:2      | 1381 ||| READING scroll labelled FUALAQ YRANG.
  1543 | D:3      | 1543 ||| Stepping ~*~*~tactically~*~*~ (hiding).
  1611 | D:3      | 1611 ||| Stepping ~*~*~tactically~*~*~ (stealth).
  1613 | D:3      | 1613 ||| Stepping ~*~*~tactically~*~*~ (stealth).
  1648 | D:3      | 1648 ||| Stepping ~*~*~tactically~*~*~ (stealth).
  1756 | D:3      | 1756 ||| Stepping ~*~*~tactically~*~*~ (stealth).
  1921 | D:3      | Reached XP level 5. HP: 32/32 MP: 5/5
  2207 | D:3      | Found Toll's Weapon Boutique.
  2366 | D:3      | 2366 ||| DROPPING amulet of faith.
  2367 | D:3      | 2367 ||| READING scroll labelled SAXKYO OPHEQ.
  2368 | D:3      | 2368 ||| READING 3 scrolls labelled WYLAOZ IKHOC.
  2369 | D:3      | 2369 ||| DRINKING 2 golden potions.
  2370 | D:3      | 2370 ||| READING 2 scrolls of identify.
  2370 | D:3      | 2370 ||| IDENTIFYING bubbling purple potion
  2371 | D:3      | 2371 ||| DROPPING potion of flight.
  2424 | D:4      | Found a staircase to the Ecumenical Temple.
  2425 | D:4      | 2425 ||| PLANNING TEMPLE
  2441 | Temple   | Entered the Ecumenical Temple
  2478 | Temple   | 2478 ||| PLANNING D:1-11
  2485 | Temple   | Became a worshipper of Warmaster Okawaru
  2486 | Temple   | 2486 ||| REMOVING amulet of guardian spirit.
  2491 | Temple   | 2491 ||| DROPPING amulet of guardian spirit.
  2605 | D:4      | HP: 4/32 [orc priest/+0 whip (5)]
  2606 | D:4      | 2606 ||| DRINKING potion of heal wounds.
  2615 | D:4      | Noticed a water moccasin
  2616 | D:4      | 2616 ||| Stepping ~*~*~tactically~*~*~ (stealth).
  2656 | D:4      | 2656 ||| Stepping ~*~*~tactically~*~*~ (stealth).
  2707 | D:4      | 2707 ||| FLEEEEING.
  2708 | D:4      | 2708 ||| FLEEEEING.
  2720 | D:4      | 2720 ||| FLEEEEING.
  2721 | D:4      | 2721 ||| FLEEEEING.
  2722 | D:4      | 2722 ||| FLEEEEING.
  2723 | D:4      | 2723 ||| FLEEEEING.
  2724 | D:4      | 2724 ||| FLEEEEING.
  2742 | D:4      | 2742 ||| FLEEEEING.
  2743 | D:4      | 2743 ||| FLEEEEING.
  2744 | D:4      | 2744 ||| FLEEEEING.
  2747 | D:4      | 2747 ||| STAIRDANCE
  2749 | D:3      | HP: 8/33 [something (3)]
  2752 | D:3      | Reached XP level 6. HP: 6/38 MP: 6/6
  3057 | D:4      | Killed a water moccasin
  3245 | D:4      | 3245 ||| DROPPING +0 flail.
  3601 | D:4      | Reached skill level 6 in Axes
  3601 | D:4      | Reached XP level 7. HP: 37/43 MP: 7/7
  3690 | D:4      | Found a runed translucent door.
  3691 | D:4      | Noticed Crazy Yiuf
  3845 | D:4      | 3845 ||| Stepping ~*~*~tactically~*~*~ (stealth).
  3846 | D:4      | 3846 ||| Stepping ~*~*~tactically~*~*~ (stealth).
  3984 | D:4      | 3984 ||| READING scroll of enchant armour.
  3984 | D:4      | 3984 ||| ENCHANTING +0 plate armour.
  4453 | D:4      | 4453 ||| UPGRADING to ring of protection from cold.
  4454 | D:4      | 4454 ||| READING scroll labelled GONE UJADI.
  4455 | D:4      | 4455 ||| DRINKING 3 yellow potions.
  4560 | D:4      | 4560 ||| READING 2 scrolls of identify.
  4560 | D:4      | 4560 ||| IDENTIFYING sedimented inky potion
  4561 | D:4      | 4561 ||| DROPPING 2 potions of berserk rage.
  4647 | D:5      | Entered Level 5 of the Dungeon
  4647 | D:5      | Noticed a wyvern
  4652 | D:5      | 4652 ||| STAIRDANCE
  4665 | D:4      | Killed a wyvern
  4986 | D:5      | 4986 ||| STAIRDANCE
  5413 | D:5      | 5413 ||| Stepping ~*~*~tactically~*~*~ (hiding).
  5417 | D:5      | 5417 ||| Stepping ~*~*~tactically~*~*~ (stealth).
  5440 | D:5      | HP: 10/44 [gnoll sergeant/+0 trident (5)]
  5443 | D:5      | Reached * piety under Okawaru
  5712 | D:5      | Reached XP level 8. HP: 50/50 MP: 8/8
  5729 | D:5      | Reached skill level 1 in Invocations
  5781 | D:5      | Found a glowing silver altar of Zin.
  5820 | D:5      | 5820 ||| Stepping ~*~*~tactically~*~*~ (hiding).
  5824 | D:5      | 5824 ||| INVOKING Heroism.
  5827 | D:5      | Reached skill level 1 in Dodging
  5829 | D:5      | 5829 ||| Stepping ~*~*~tactically~*~*~ (hiding).
  5996 | D:5      | 5996 ||| Stepping ~*~*~tactically~*~*~ (hiding).
  5997 | D:5      | 5997 ||| Stepping ~*~*~tactically~*~*~ (hiding).
  5999 | D:5      | 5999 ||| Stepping ~*~*~tactically~*~*~ (hiding).
  6000 | D:5      | 6000 ||| Stepping ~*~*~tactically~*~*~ (hiding).
  6001 | D:5      | 6001 ||| Stepping ~*~*~tactically~*~*~ (hiding).
  6002 | D:5      | 6002 ||| STAIRDANCE
  6134 | D:4      | 6134 ||| UPGRADING to +0 kite shield.
  6144 | D:4      | 6144 ||| DROPPING +0 buckler.
  6231 | D:5      | 6231 ||| STAIRDANCE
  6483 | D:5      | Reached ** piety under Okawaru
  6484 | D:5      | Reached skill level 3 in Invocations
  6570 | D:5      | 6570 ||| Stepping ~*~*~tactically~*~*~ (hiding).
  6587 | D:5      | 6587 ||| INVOKING Heroism.
  6821 | D:5      | 6821 ||| READING scroll of enchant armour.
  6821 | D:5      | 6821 ||| ENCHANTING +1 plate armour.
  6866 | D:5      | 6866 ||| Stepping ~*~*~tactically~*~*~ (hiding).
  7054 | D:5      | 7054 ||| READING 2 scrolls of identify.
  7054 | D:5      | 7054 ||| IDENTIFYING red potion
  7093 | D:6      | 7093 ||| Stepping ~*~*~tactically~*~*~ (stealth).
  7100 | D:6      | 7100 ||| Stepping ~*~*~tactically~*~*~ (stealth).
  7103 | D:6      | 7103 ||| Stepping ~*~*~tactically~*~*~ (stealth).
  7105 | D:6      | 7105 ||| INVOKING Heroism.
  7245 | D:6      | 7245 ||| Stepping ~*~*~tactically~*~*~ (hiding).
  7258 | D:6      | 7258 ||| FLEEEEING.
  7259 | D:6      | 7259 ||| FLEEEEING.
  7260 | D:6      | 7260 ||| FLEEEEING.
  7261 | D:6      | 7261 ||| FLEEEEING.
  7262 | D:6      | 7262 ||| FLEEEEING.
  7263 | D:6      | 7263 ||| FLEEEEING.
  7269 | D:6      | 7269 ||| FLEEEEING.
  7270 | D:6      | 7270 ||| FLEEEEING.
  7271 | D:6      | 7271 ||| FLEEEEING.
  7272 | D:6      | 7272 ||| STAIRDANCE
  7334 | D:6      | 7334 ||| STAIRDANCE
  7449 | D:6      | 7449 ||| Stepping ~*~*~tactically~*~*~ (stealth).
  7455 | D:6      | 7455 ||| Stepping ~*~*~tactically~*~*~ (stealth).
  7462 | D:6      | 7462 ||| Stepping ~*~*~tactically~*~*~ (stealth).
  7463 | D:6      | 7463 ||| Stepping ~*~*~tactically~*~*~ (stealth).
  7464 | D:6      | 7464 ||| INVOKING Heroism.
  7507 | D:6      | 7507 ||| Stepping ~*~*~tactically~*~*~ (stealth).
  7680 | D:6      | 7680 ||| Stepping ~*~*~tactically~*~*~ (hiding).
  7814 | D:6      | 7814 ||| Stepping ~*~*~tactically~*~*~ (hiding).
  7816 | D:6      | 7816 ||| INVOKING Heroism.
  7829 | D:6      | Reached skill level 6 in Shields
  8052 | D:6      | 8052 ||| Stepping ~*~*~tactically~*~*~ (hiding).
  8061 | D:6      | Reached XP level 9. HP: 53/54 MP: 12/12
  8164 | D:6      | 8164 ||| Stepping ~*~*~tactically~*~*~ (hiding).
  8165 | D:6      | 8165 ||| Stepping ~*~*~tactically~*~*~ (hiding).
  8276 | D:6      | 8276 ||| Stepping ~*~*~tactically~*~*~ (stealth).
  8287 | D:6      | 8287 ||| Stepping ~*~*~tactically~*~*~ (stealth).
  8289 | D:6      | 8289 ||| Stepping ~*~*~tactically~*~*~ (stealth).
  8291 | D:6      | 8291 ||| Stepping ~*~*~tactically~*~*~ (hiding).
  8316 | D:6      | 8316 ||| INVOKING Heroism.
  8635 | D:6      | 8635 ||| INVOKING Heroism.
  8750 | D:6      | 8750 ||| FLEEEEING.
  8751 | D:6      | 8751 ||| FLEEEEING.
  8752 | D:6      | 8752 ||| FLEEEEING.
  8753 | D:6      | 8753 ||| FLEEEEING.
  8754 | D:6      | 8754 ||| FLEEEEING.
  8755 | D:6      | 8755 ||| FLEEEEING.
  8756 | D:6      | 8756 ||| FLEEEEING.
  8757 | D:6      | 8757 ||| FLEEEEING.
  8762 | D:6      | 8762 ||| FLEEEEING.
  8804 | D:6      | Found a snail-covered altar of Cheibriados.
  8860 | D:6      | Found a burning altar of Makhleb.
  8861 | D:6      | 8861 ||| Stepping ~*~*~tactically~*~*~ (hiding).
  8879 | D:6      | Found a radiant altar of Vehumet.
  8883 | D:6      | 8883 ||| UPGRADING to +0 pair of gloves.
  8888 | D:6      | 8888 ||| UPGRADING to +4 ring of protection.
  8889 | D:6      | 8889 ||| READING 3 scrolls of identify.
  8889 | D:6      | 8889 ||| IDENTIFYING fuming silvery potion
  8890 | D:6      | 8890 ||| READING 2 scrolls of identify.
  8890 | D:6      | 8890 ||| IDENTIFYING fizzy coppery potion
  8891 | D:6      | 8891 ||| DROPPING potion of invisibility.
  8941 | D:7      | 8941 ||| INVOKING Heroism.
  8946 | D:7      | 8946 ||| Stepping ~*~*~tactically~*~*~ (hiding).
  8947 | D:7      | 8947 ||| STAIRDANCE
  8984 | D:7      | 8984 ||| INVOKING Heroism.
  8993 | D:7      | HP: 1/54 [steam dragon/ball of steam (21)]
  8994 | D:7      | 8994 ||| READING 2 scrolls of teleportation.
  8995 | D:7      | Engulfed by a steam dragon's steam

Levels and vault maps discovered:
D:1:      mrwooster_arrival_arrow, layout_basic
D:2:      layout_basic, nicolae_ecumenical_pavilion
D:3:      layout_basic, serial_shops, nicolae_shop_hallway_plus
D:4:      layout_basic, minmay_temple_entry_crystal_x,
          minmay_misc_feat_secret_circle, minmay_pentangle,
          uniq_crazy_yiuf_cottage
D:5:      layout_basic, lemuel_round_altar, nicolae_titane
D:6:      layout_loops_cross, grunt_temple_overflow_lords_of_destruction,
          lemuel_doored_altar, hangedman_decor_peaks_small
D:7:      layout_basic, mainiacjoe_overflow_swirl,
          gammafunk_temple_overflow_pools, columned_hall_lemuel, uniq_maggie
Temple:   nicolae_temple_ecumenical_triangle

Skill      XL: |  1  2  3  4  5  6  7  8  9 |
---------------+----------------------------+-----
Axes           | 2 3 4 5 6 7 |  7.6
Fighting       | 4 5 |  5.4
Armour         | 4 |  4.0
Invocations    | 4 |  4.0
Dodging        | 1 |  1.1
Shields        | 6 7 |  7.2

Action                   |  1- 3 |  4- 6 |  7- 9 || total
-------------------------+-------+-------+-------++-------
Melee: War axe           |    91 |   155 |   348 ||   594
Throw: Boomerang         |       |     1 |     2 ||     3
Invok: Heroism           |       |       |     9 ||     9
  Use: Scroll            |     2 |     8 |     8 ||    18
       Potion            |       |     2 |     1 ||     3
Armor: Scale mail        |    46 |    14 |       ||    60
       Plate armour      |       |   129 |   242 ||   371
Dodge: Dodged            |    38 |    43 |    78 ||   159
Block: Buckler           |    12 |    28 |    22 ||    62
       Kite shield       |       |       |   118 ||   118

Table legend:
 A = Non-vault XP
 B = Vault XP
 C = Vault XP percentage of total XP
 D = Non-vault monster count
 E = Vault monster count
 F = Vault count percentage of total count
                 A         B        C        D         E       F
            +---------+---------+-------+---------+---------+-------
      Total |    2810 |      71 |   2.5 |     145 |       6 |   4.0
            +---------+---------+-------+---------+---------+-------
        D:1 |      40 |       0 |   0.0 |      15 |       0 |   0.0
        D:2 |      60 |       0 |   0.0 |      26 |       0 |   0.0
        D:3 |     124 |       0 |   0.0 |      23 |       0 |   0.0
        D:4 |     613 |      21 |   3.3 |      22 |       5 |  18.5
        D:5 |    1001 |       0 |   0.0 |      24 |       0 |   0.0
        D:6 |     956 |      50 |   5.0 |      33 |       1 |   2.9
        D:7 |      16 |       0 |   0.0 |       2 |       0 |   0.0
            +---------+---------+-------+---------+---------+-------
